 Dungeon Crawl Stone Soup version 0.31-a0-38-g1548c4f2a5 (webtiles) character file.

Game seed: 10886151313809475246

158 BlasphemerAmon the Ducker (level 5, -1/43 HPs)
             Began as a Gnoll Gladiator on May 16, 2023.
             Constricted to death by Grinder (6 damage)
             ... on level 3 of the Dungeon.
             The game lasted 00:03:38 (2340 turns).

BlasphemerAmon the Ducker (Gnoll Gladiator)         Turns: 2340, Time: 00:03:38

Health: -1/43      AC:  6    Str: 14    XL:     5   Next: 40%
Magic:  7/7        EV: 10    Int:  7    God:
Gold:   194        SH:  0    Dex: 15    Spells: 7/7 levels left

rFire   . . .        a - +0 long sword (drain)
rCold   . . .        (no shield)
rNeg    . . .        f - +0 ring mail
rPois   .            c - +0 helmet
rElec   .            (no cloak)
rCorr   .            (no gloves)
SInv    .            (no boots)
Will    .....        (no amulet)
Stlth   +            (no ring)
HPRegen 0.27/turn    (no ring)
MPRegen 0.10/turn

%: no passive effects
@: grasped by roots, constricted
A: fangs 1, strong nose, distributed training
a: no special abilities


You were on level 3 of the Dungeon.
You visited 1 branch of the dungeon, and saw 3 of its levels.

You collected 194 gold pieces.

Inventory:

Hand Weapons
 a - a +0 long sword of draining (weapon)
Missiles
 d - 3 throwing nets
 j - a javelin (quivered)
Armour
 b - a +0 leather armour
 c - a +0 helmet (worn)
 f - a +0 ring mail (worn)
Jewellery
 i - a ring of ice
 s - a ring of positive energy
Scrolls
 e - 2 scrolls of teleportation
 l - a scroll of enchant armour {unknown}
 n - a scroll of noise {unknown}
 o - a scroll of vulnerability {unknown}
 p - a scroll of identify {unknown}
 q - a scroll of poison {unknown}
 r - a scroll of enchant weapon {unknown}
Potions
 g - a potion of attraction {unknown}
 h - a potion of might
 k - a potion of ambrosia {unknown}


   Skills:
 + Level 4.8 Fighting
 + Level 1.5 Short Blades
 + Level 6.7 Long Blades
 + Level 1.5 Axes
 + Level 1.5 Maces & Flails
 + Level 1.5 Polearms
 + Level 1.5 Staves
 + Level 1.5 Ranged Weapons
 + Level 4.8 Throwing
 + Level 1.5 Armour
 + Level 6.7 Dodging
 + Level 1.5 Stealth
 + Level 1.5 Shields
 + Level 1.5 Unarmed Combat
 + Level 1.5 Spellcasting
 + Level 1.2 Conjurations
 + Level 1.2 Hexes
 + Level 1.2 Summonings
 + Level 1.2 Necromancy
 + Level 1.2 Translocations
 + Level 1.2 Transmutations
 + Level 1.2 Fire Magic
 + Level 1.2 Ice Magic
 + Level 1.2 Air Magic
 + Level 1.2 Earth Magic
 + Level 1.2 Poison Magic
 + Level 1.7 Invocations
 + Level 1.5 Evocations


You had 7 spell levels left.
You didn't know any spells.
Your spell library contained the following spells:

 Spells                   Type           Power      Damage    Failure   Level
 Cigotuvi's Dreadful Rot  Necr/Pois/Air  4%         N/A       58%         2
 Searing Ray              Conj           4%         2d4       58%         2
 Static Discharge         Conj/Air       4%         2-3/arc   58%         2
 Portal Projectile        Hex/Tloc       4%         N/A       83%         3
 Tukima's Dance           Hex            2%         N/A       83%         3
 Blade Hands              Tmut           1%         N/A       100%        5
 Fireball                 Conj/Fire      1%         3d3       100%        5
 Conjure Ball Lightning   Conj/Air       1%         3x3d6     100%        6


Dungeon Overview and Level Annotations

Branches:
Dungeon (3/15)

Altars:
Xom
The Shining One

Shops:
D:2 ?

Annotations:
D:3 Grinder


Innate Abilities, Weirdness & Mutations

You have very sharp teeth.
Your uncanny sense of smell can sniff out nearby items.
Your experience applies equally to all skills.


Message History

Grinder shouts!
Grinder blinks!
The goblin closely misses you.
You barely miss the goblin.
Grinder blinks!
The goblin hits you but does no damage.
You slash the goblin!
You kill the goblin!
You hit the kobold. You drain the kobold.
You kill the kobold!
You hit the giant cockroach but do no damage.
You drain the giant cockroach.
The giant cockroach is heavily wounded.
The giant cockroach closely misses you. The giant cockroach misses you.
You closely miss the giant cockroach.
The giant cockroach is moderately wounded.
The giant cockroach closely misses you.
You hit the giant cockroach.
You kill the giant cockroach!
Grinder zaps a wand.
The roots erupt in riotous growth!
The grasping roots grab you! The grasping roots constrict you!
The grasping roots constrict you.
You hear an angry hiss.
You closely miss Grinder. You bite Grinder, but do no damage.
Grinder gestures at you.
You barely resist. The grasping roots constrict you.
You closely miss Grinder.
Grinder grins, showing sharp teeth.
Grinder hits you. The grasping roots constrict you!
The grasping roots release their grip on you.
You hit Grinder. You punch Grinder, but do no damage.
Grinder is lightly wounded.
Grinder zaps a wand.
The roots erupt in riotous growth!
The grasping roots grab you!
Grinder is unaffected.
The grasping roots constrict you!
* * * LOW HITPOINT WARNING * * *
You hit Grinder.
Grinder is lightly wounded.
Grinder hits you.
* * * LOW HITPOINT WARNING * * *
The grasping roots constrict you.
You die...

########## . #........#
... #.######.##########
.....#.######..|.......#
......5@................
......########.##.#.##..
..... ########.#........
.... #..........#..##..
... #.#.####.#...###..
#. ##.#.# #.##.......
#.####....# #.#######.†
#..<......# #.# #.....)
#..###....####.# #.###.#


You could see Grinder.

Vanquished Creatures
  An iguana (D:3)
  6 adders
  A dart slug (D:3)
  4 bats
  6 endoplasms
  15 giant cockroaches
  11 goblins
  5 hobgoblins
  7 jackals
  2 quokkas (D:1)
  3 ball pythons (D:1)
  2 frilled lizards
  3 kobolds
  5 rats
71 creatures vanquished.

Notes
Turn   | Place    | Note
-------+----------+-------------------------------------------
     0 | D:1      | BlasphemerAmon the Gnoll Gladiator began the quest for the
                  | Orb.
     0 | D:1      | Reached XP level 1. HP: 20/20 MP: 1/1
   192 | D:1      | Reached XP level 2. HP: 25/26 MP: 2/2
   982 | D:2      | Reached XP level 3. HP: 28/31 MP: 3/3
  1085 | D:2      | Reached skill level 1 in Invocations
  1091 | D:2      | Reached skill level 1 in Short Blades
  1091 | D:2      | Reached skill level 1 in Axes
  1091 | D:2      | Reached skill level 1 in Maces & Flails
  1091 | D:2      | Reached skill level 1 in Polearms
  1091 | D:2      | Reached skill level 1 in Staves
  1091 | D:2      | Reached skill level 1 in Ranged Weapons
  1091 | D:2      | Reached skill level 1 in Armour
  1091 | D:2      | Reached skill level 1 in Stealth
  1091 | D:2      | Reached skill level 1 in Shields
  1091 | D:2      | Reached skill level 1 in Unarmed Combat
  1091 | D:2      | Reached skill level 1 in Spellcasting
  1091 | D:2      | Reached skill level 1 in Evocations
  1102 | D:2      | Found a faded altar of an unknown god.
  1116 | D:2      | Prayed at the altar of an unknown god.
  1116 | D:2      | Became a worshipper of the Shining One
  1116 | D:2      | Reached * piety under the Shining One
  1156 | D:2      | Fell from the grace of the Shining One
  1399 | D:2      | Found Pihov's Magic Scroll Emporium.
  1410 | D:2      | Reached XP level 4. HP: 38/38 MP: 5/5
  1480 | D:2      | Reached skill level 1 in Conjurations
  1480 | D:2      | Reached skill level 1 in Hexes
  1480 | D:2      | Reached skill level 1 in Summonings
  1480 | D:2      | Reached skill level 1 in Necromancy
  1480 | D:2      | Reached skill level 1 in Translocations
  1480 | D:2      | Reached skill level 1 in Transmutations
  1480 | D:2      | Reached skill level 1 in Fire Magic
  1480 | D:2      | Reached skill level 1 in Ice Magic
  1480 | D:2      | Reached skill level 1 in Air Magic
  1480 | D:2      | Reached skill level 1 in Earth Magic
  1480 | D:2      | Reached skill level 1 in Poison Magic
  1695 | D:2      | Found a shimmering altar of Xom.
  1959 | D:3      | Reached XP level 5. HP: 43/43 MP: 5/7
  2061 | D:3      | Identified 2 scrolls of acquirement
  2061 | D:3      | Acquired a book of Weapons
  2243 | D:3      | Acquired Xaar Hig's Secrets of Injury and Zombies
  2328 | D:3      | Noticed Grinder
  2340 | D:3      | Constricted to death by Grinder

Illustrated notes

Levels and vault maps discovered:
D:1:      dpeg_arrival_boxes_within_box, layout_basic,
          hangedman_abyss_or_decor_lesser_grid
D:2:      minmay_roachtagon, layout_basic, basic_altar, serial_curves,
          eino_curves_03, eino_curves_04, eino_curves_02, eino_curves_04,
          serial_shops, nicolae_shop_tiny_statue_garden,
          shapermc_ecumenical_altar_gd
D:3:      layout_loops_ring, uniq_grinder

Skill      XL: |  1  2  3  4 |
---------------+-------------+-----
Invocations    | 1 |  1.7
Short Blades   | 1 |  1.5
Axes           | 1 |  1.5
Maces & Flails | 1 |  1.5
Polearms       | 1 |  1.5
Staves         | 1 |  1.5
Ranged Weapons | 1 |  1.5
Armour         | 1 |  1.5
Stealth        | 1 |  1.5
Shields        | 1 |  1.5
Unarmed Combat | 1 |  1.5
Spellcasting   | 1 |  1.5
Evocations     | 1 |  1.5
Conjurations   | 1 |  1.2
Hexes          | 1 |  1.2
Summonings     | 1 |  1.2
Necromancy     | 1 |  1.2
Translocations | 1 |  1.2
Transmutations | 1 |  1.2
Fire Magic     | 1 |  1.2
Ice Magic      | 1 |  1.2
Air Magic      | 1 |  1.2
Earth Magic    | 1 |  1.2
Poison Magic   | 1 |  1.2
Fighting       | |  4.8
Long Blades    | |  6.7
Throwing       | |  4.8
Dodging        | |  6.7

Action                     |  1- 3 |  4- 6 || total
---------------------------+-------+-------++-------
  Melee: Long sword        |    67 |    76 ||   143
         Bite              |     2 |     9 ||    11
         Punch             |       |     2 ||     2
  Throw: Javelin           |     2 |     1 ||     3
         Throwing net      |     1 |     1 ||     2
 Invoke: Renounce Religion |     1 |       ||     1
    Use: Scroll            |     1 |     4 ||     5
   Stab: Sleeping          |       |     1 ||     1
 Armour: Leather armour    |     3 |       ||     3
         Ring mail         |    15 |    30 ||    45
  Dodge: Dodged            |    41 |    48 ||    89

Table legend: (Time is in decaauts)
 A = Elapsed time spent in this place.
 B = Non-inter-level travel time spent in this place.
 C = Inter-level travel time spent in this place.
 D = Time resting spent in this place.
 E = Time spent auto-exploring this place.
 F = Levels seen in this place.
 G = Mean time per level.
                   A        B        C        D        E       F      G
               +--------+--------+--------+--------+--------+-----+--------+
         Total |   2348 |   2297 |     51 |      0 |   1892 |   3 |  782.7 |
       Dungeon |   2348 |   2297 |     51 |      0 |   1892 |   3 |  782.7 |
               +--------+--------+--------+--------+--------+-----+--------+

Top non-repeatable levels by time:
     D:1: 978 daAuts
     D:2: 956 daAuts
     D:3: 413 daAuts
